 Dungeon Crawl Stone Soup version 0.22.1-2-g9c5b331383 (webtiles) character file.

4386 McIrco the Nimble (level 10, -2/67 HPs)
             Began as a Vampire Assassin on Jan 6, 2019.
             Was an Elder of Ru.
             Slain by an orc warrior
             ... wielding a +0 mace
              (18 damage)
             ... on level 8 of the Dungeon.
             The game lasted 00:49:13 (20045 turns).

McIrco the Nimble (Vampire Assassin)               Turns: 20045, Time: 00:49:14

Health: -2/67      AC:  0    Str: 15    XL:     10   Next: 13%
Magic:  5/10       EV: 23    Int: 21    God:    Ru [****..]
Gold:   521        SH:  0    Dex: 22    Spells: 9/9 levels left

rFire    x . .     SeeInvis +   a - +3 dagger (speed)
rCold    + + +     Gourm    +   (no shield)
rNeg     + + +     Faith    .   p - +0 leather armour of Tenacity {*Slow rC+ rN+ Str+2 Int+2}
rPois    ∞         Spirit   .   (no helmet)
rElec    .         Reflect  .   d - +1 cloak
rCorr    .         Harm     .   (no gloves)
MR       ++...                  C - -6 pair of boots "Ipnaboz" {*Contam Dex+4 Slay+3}
Stlth    ++++++....             z - amulet "Xitrarroij" {Gourm rF- rC++ Str+3 Int+4}
HPRegen  0.00/turn              A - ring of poison resistance
MPRegen  0.12/turn              H - ring of protection from magic

@: exhausted, bloodless, non-regenerating
A: fangs 3, see invisible, mutation resistance 1, unbreathing, inability to use
devices, inability to train armour
a: Bat Form, Sacrifice Nimbleness, Sacrifice Health, Sacrifice an Eye, Reject
Sacrifices, Draw Out Power, Power Leap, Renounce Religion


You were on level 8 of the Dungeon.
You worshipped Ru.
Ru was greatly pleased with you.
You were bloodless.

You visited 1 branch of the dungeon, and saw 8 of its levels.
You also visited: Sewer and Ossuary.

You collected 723 gold pieces.
You spent 202 gold pieces at shops.

Inventory:

Hand Weapons
 a - a +3 dagger of speed (weapon)
 b - a +0 blowgun
 D - a +2 dagger
Missiles
 e - 17 poisoned needles
 E - a needle of confusion
 G - 3 needles of frenzy
Armour
 c - a +0 robe
 d - a +1 cloak (worn)
 f - a +0 buckler
 i - a scarf of cloud immunity
 m - +0 gold dragon scales
 p - the +0 leather armour of Tenacity (worn) {*Slow rC+ rN+ Str+2 Int+2}
   (You found it on level 6 of the Dungeon)

   It affects your strength (+2).
   It affects your intelligence (+2).
   It protects you from cold.
   It protects you from negative energy.
   It may slow you when you take damage.
 C - the -6 pair of boots "Ipnaboz" (worn) {*Contam Dex+4 Slay+3}
   (You found it on level 4 of the Dungeon)

   It affects your dexterity (+4).
   It affects your accuracy and damage with ranged weapons and melee attacks
   (+3).
   It causes magical contamination when unequipped.
Jewellery
 z - the amulet "Xitrarroij" (around neck) {Gourm rF- rC++ Str+3 Int+4}
   (You took it off an orc on level 4 of the Dungeon)

   [amulet of the gourmand]

   It allows you to eat raw meat even when not hungry.
   It affects your strength (+3).
   It affects your intelligence (+4).
   It makes you vulnerable to fire.
   It greatly protects you from cold.
 A - a ring of poison resistance (left hand)
 H - a ring of protection from magic (right hand)
Wands
 t - a wand of polymorph (26)
Scrolls
 h - 3 scrolls of blinking
 j - 4 scrolls of enchant armour
 k - 10 scrolls of remove curse
 l - a scroll of magic mapping
 n - a scroll of enchant weapon
 o - 9 scrolls of identify
 q - a scroll of teleportation
 r - 3 scrolls of fear
 s - a scroll of amnesia
 y - a scroll of summoning {unknown}
Potions
 g - 7 potions of blood
 u - 3 potions of lignification
 v - 4 potions of heal wounds
 w - 4 potions of might
 x - a potion of flight {unknown}
 B - 2 potions of ambrosia
 F - 5 potions of curing
 I - a potion of agility {unknown}
 J - a potion of magic {unknown}


   Skills:
 - Level 2.0 Fighting
 - Level 10.0 Short Blades
 - Level 2.0 Throwing
 + Level 11.9 Dodging
 - Level 8.0 Stealth
 - Level 0.2 Unarmed Combat


You had 9 spell levels left.
You didn't know any spells.
Your spell library was empty.

Dungeon Overview and Level Annotations

Branches:
Dungeon (8/15)             Temple (0/1) D:7
   Lair: D:8-11

Altars:
Gozag
Makhleb
Okawaru
Ru
Trog
Uskayaw
Vehumet
Wu Jian
Xom
Zin

Shops:
D:5 *   D:7 ?


Innate Abilities, Weirdness & Mutations

You do not heal naturally.
You are immune to poison.
You have razor-sharp teeth.
You have supernaturally acute eyesight. (SInv)
You can survive without breathing.
You cannot study or use magical devices.
You cannot train Armour skill.
You are somewhat resistant to further mutation.


Message History

The orc warrior is severely wounded.
The orc warrior hits you with a mace!
* * * LOW HITPOINT WARNING * * *
You closely miss the orc warrior.
The orc warrior is severely wounded.
You hit the orc warrior.
The orc warrior is severely wounded.
You hit the orc warrior.
The orc warrior is almost dead.
You hit the orc warrior but do no damage.
The orc warrior is almost dead.
You hit the orc warrior but do no damage.
The orc warrior is almost dead.
You hit the orc warrior but do no damage.
The orc warrior is almost dead.
You hit the orc warrior but do no damage.
You bite the orc warrior, but do no damage.
The orc warrior is almost dead.
The orc warrior hits you with a mace!!
You die...

...#.....# ###############
...#.....# #.........<...#
...#.....# #.............#
...#÷....# +.............#
..##.....# #..[..........#
..#......########.............#
..'...............)......)...!#
..#...)...............!..)....#
..#.............@o.......)....#
###)............)#+###........#
.................#............#
..)##'###............#.....!..#
...#....#####....#...#........#
...#....# #....#...#...?....#
...#....# #....#...#........#
...#..### ###..#...#........#
...#.## ##.#...#........


You could see an orc warrior.

Vanquished Creatures
  Pikel (D:6)
  Grinder (D:5)
  A hippogriff (D:8)
  A porcupine (D:8)
  3 ice beasts
  4 orc warriors
  3 phantoms
  2 ogres
  2 centaurs
  4 big kobolds (Sewer)
  2 bullfrogs
  5 scorpions
  5 wights (D:6)
  A crimson imp (D:7)
  A centaur zombie (D:6)
  2 bullfrog zombies
  2 jellies (D:5)
  5 orc priests
  5 orc wizards
  A bullfrog skeleton (D:4)
  Terence (D:2)
  8 worker ants
  A big kobold zombie (Ossuary)
  A hound zombie (D:6)
  8 mummies (Ossuary)
  A worker ant zombie (D:8)
  Robin (D:2)
  18 adders
  4 river rats
  3 oozes
  An adder skeleton (D:7)
  8 worms
  2 dart slugs
  3 leopard geckos
  34 orcs
  A ball python (Sewer)
  5 giant cockroaches
  2 gnoll zombies (Ossuary)
  16 goblins
  8 hobgoblins
  5 jackals
  19 kobolds
  4 quokkas
  5 bats
  8 frilled lizards
  A goblin zombie (D:8)
  A hobgoblin zombie (Ossuary)
  A leopard gecko zombie (D:8)
  4 orc zombies (Ossuary)
  2 quokka zombies
  7 rats
234 creatures vanquished.

Vanquished Creatures (others)
  An orc warrior (D:7)
  An orc wizard (D:6)
  3 fungi (D:8)
  A plant (D:8)
6 creatures vanquished.

Grand Total: 240 creatures vanquished

Notes
Turn   | Place    | Note
-------+----------+-------------------------------------------
     0 | D:1      | McIrco the Vampire Assassin began the quest for the Orb.
     0 | D:1      | Reached XP level 1. HP: 16/16 MP: 1/1
  1981 | D:1      | Reached XP level 2. HP: 22/22 MP: 2/2
  3517 | D:2      | Noticed Terence
  3524 | D:2      | Killed Terence
  3524 | D:2      | Reached XP level 3. HP: 27/27 MP: 3/3
  3546 | D:2      | Reached skill level 2 in Dodging
  3615 | D:2      | Reached XP level 4. HP: 17/33 MP: 4/4
  4139 | D:2      | Noticed a centaur
  4148 | D:2      | HP: 1/33 [centaur (4)]
  4154 | D:2      | Killed a centaur
  4154 | D:2      | Reached skill level 4 in Dodging
  4154 | D:2      | Reached XP level 5. HP: 6/38 MP: 5/5
  4683 | D:2      | Found an opulent altar of Gozag.
  4812 | D:2      | Noticed Robin
  4861 | D:2      | Killed Robin
  5638 | D:3      | Reached skill level 5 in Dodging
  5923 | D:3      | Noticed an ogre
  5930 | D:3      | Killed an ogre
  5930 | D:3      | Reached XP level 6. HP: 38/44 MP: 6/6
  5950 | D:3      | Found a sacrificial altar of Ru.
  5970 | D:3      | Became a worshipper of Ru the Awakened
  6262 | D:3      | Reached skill level 6 in Dodging
  6776 | D:4      | Noticed an orc warrior
  6829 | D:4      | Found a bloodstained altar of Trog.
  6853 | D:4      | Found a glowing drain.
  6860 | Sewer    | Entered a sewer
  8426 | Sewer    | Reached skill level 7 in Dodging
  8426 | Sewer    | Reached XP level 7. HP: 31/50 MP: 7/7
  8770 | Sewer    | Reached skill level 8 in Dodging
  9324 | Sewer    | Gained mutation: You cannot study or use magical devices.
                  | [Ru sacrifice]
  9324 | Sewer    | Reached * piety under Ru
  9324 | Sewer    | Reached ** piety under Ru
 10850 | D:4      | Reached skill level 9 in Dodging
 10870 | D:4      | Got a twitching zirconium amulet
 12315 | D:4      | Reached XP level 8. HP: 43/56 MP: 8/8
 12363 | D:4      | Found a shimmering altar of Xom.
 12392 | D:4      | Found a hide-covered altar of Uskayaw.
 12392 | D:4      | Found a glowing silver altar of Zin.
 12478 | D:4      | Got a pair of pitted boots
 12863 | D:3      | Identified the -6 pair of boots "Ipnaboz" {*Contam Dex+4
                  | Slay+3} (You found it on level 4 of the Dungeon)
 12942 | D:4      | Found an ornate altar of the Wu Jian Council.
 13207 | D:5      | Entered Level 5 of the Dungeon
 13254 | D:5      | Noticed Grinder
 13266 | D:5      | Paralysed by Grinder for 4 turns
 13288 | D:5      | Paralysed by Grinder for 3 turns
 13301 | D:5      | Killed Grinder
 13301 | D:5      | Reached skill level 5 in Short Blades
 13301 | D:5      | Reached skill level 10 in Dodging
 13696 | D:5      | Found Unloacyg's Assorted Antiques.
 13702 | D:5      | Found an iron altar of Okawaru.
 13834 | D:5      | Found a radiant altar of Vehumet.
 14448 | D:6      | Reached XP level 9. HP: 44/61 MP: 9/9
 14492 | D:6      | Noticed Pikel
 14507 | D:6      | HP: 3/61 [orc warrior/dire flail (11)]
 15531 | D:6      | Found a burning altar of Makhleb.
 15591 | D:6      | Got an encrusted leather armour
 15630 | D:6      | Gained mutation: You cannot train Armour skill. [Ru
                  | sacrifice]
 15630 | D:6      | Reached *** piety under Ru
 15630 | D:6      | Reached **** piety under Ru
 16637 | D:6      | Reached skill level 11 in Dodging
 17041 | D:6      | Killed Pikel
 17637 | D:7      | Identified the +0 leather armour of Tenacity {*Slow rC+ rN+
                  | Str+2 Int+2} (You found it on level 6 of the Dungeon)
 17800 | D:7      | Found a bloodstained altar of Trog.
 17819 | D:7      | Found a staircase to the Ecumenical Temple.
 17971 | D:7      | Found Xamorupa's Magic Scroll Emporium.
 17975 | D:7      | Bought a scroll of identify for 30 gold pieces
 17975 | D:7      | Bought a scroll of identify for 30 gold pieces
 17975 | D:7      | Bought a scroll of identify for 30 gold pieces
 17975 | D:7      | Bought a scroll of enchant armour for 112 gold pieces
 18002 | D:7      | Identified the amulet "Xitrarroij" {Gourm rF- rC++ Str+3
                  | Int+4} (You took it off an orc on level 4 of the Dungeon)
 18015 | D:7      | Gained mutation: You tend to lose your temper in combat.
                  | [potion of mutation]
 18015 | D:7      | Gained mutation: Your mind is acute. (Int +2) [potion of
                  | mutation]
 18015 | D:7      | Gained mutation: You are somewhat resistant to further
                  | mutation. [potion of mutation]
 18016 | D:7      | Lost mutation: Your mind is acute. (Int +2) [potion of
                  | mutation]
 18016 | D:7      | Lost mutation: You tend to lose your temper in combat.
                  | [potion of mutation]
 18170 | D:8      | Found a sand-covered staircase.
 18201 | D:8      | Noticed a troll
 18217 | Ossuary  | Entered an ossuary
 19478 | D:8      | Reached XP level 10. HP: 67/67 MP: 4/10
 19945 | D:8      | Reached skill level 10 in Short Blades
 20045 | D:8      | Slain by an orc warrior

Skill      XL: |  1  2  3  4  5  6  7  8  9 10 |
---------------+-------------------------------+-----
Stealth        | 6 8 |  8.0
Fighting       | 2 |  2.0
Short Blades   | 3 6 9 10 | 10.0
Throwing       | 2 |  2.0
Dodging        | 2 4 5 7 9 10 11 | 11.9
Unarmed Combat | |  0.2

Action                   |  1- 3 |  4- 6 |  7- 9 | 10-12 || total
-------------------------+-------+-------+-------+-------++-------
Melee: Dagger            |    63 |   270 |   760 |    47 ||  1140
       Bite              |     7 |    28 |    94 |    14 ||   143
       Unarmed           |       |     3 |       |       ||     3
 Fire: Blowgun           |       |     4 |    30 |     1 ||    35
Invok: Sacrifice Artific |       |       |     1 |       ||     1
       Power Leap        |       |       |    16 |     4 ||    20
       Draw Out Power    |       |       |     1 |       ||     1
       Sacrifice Durabil |       |       |     1 |       ||     1
 Abil: End Transformatio |       |     2 |    16 |     2 ||    20
       Bat Form          |       |     2 |    16 |     2 ||    20
  Use: Potion            |     2 |     9 |    19 |       ||    30
       Scroll            |       |     4 |    13 |       ||    17
 Stab: Sleeping          |    12 |    15 |    22 |       ||    49
       Confused          |       |     1 |       |       ||     1
       Invisible         |       |       |     2 |       ||     2
       Distracted        |       |       |     3 |     2 ||     5
Armor: Robe              |    15 |    21 |    27 |       ||    63
Dodge: Dodged            |    26 |   172 |   423 |    16 ||   637
